AoeStats
← Sasha_Kive

Arena

507825154Analyzed
4v4 RM · 13d ago on Sep 19, 2026· 41m 53s· 8 players
Game mode
Random Map
Map size
Large (8 player)
Population
200
Speed
Normal
Resources
Standard
Victory
Conquest
Starting age
Dark Age
Ending age
Imperial Age
RankedLock teamsTeams togetherTeam positionsShared explorationLock speedFull tech treeHidden civsTurbo modeCheats
Victory
Defeat
🇩🇪 Tatars · Germany
1742
+11
🇩🇪 Gurjaras · Germany
1624
+15
🇩🇪 Slavs · Germany
1552
+18
🇩🇪 Berbers · Germany
1446
+22
🇨🇳 Britons · China
1749
-22
🇺🇦 Koreans · Ukraine
1563
-15
🇨🇴 Aztecs · Colombia
1558
-15
🇺🇦 Dravidians · Ukraine
1547
-14
Vanchella
10:42 Feudal Age
14:26 Castle Age
12:25 Double-Bit Axe
12:21 Horse Collar
15:27 Bow Saw
16:21 Heavy Plow
18:57 Gold Mining
19:21 Stone Mining
21:04 Wheelbarrow
21:19 Stone Mining
23:00 Hand Cart
23:41 Loom
27:18 Imperial Age
24:36 Town Watch
25:14 Fletching
25:48 Ballistics
29:55 Bodkin Arrow
31:04 Chemistry
30:23 Thumb Ring
29:38 Elite Elephant Archer
31:47 Bracer
33:03 Scale Mail Armor
33:04 Padded Archer Armor
34:17 Husbandry
35:07 Conscription
34:21 Man-at-Arms
35:02 Squires
34:48 Gambesons
34:49 Arson
36:12 Coinage
35:07 Long Swordsman
36:34 Wootz Steel
36:19 Medical Corps
36:36 Wootz Steel
36:52 Leather Archer Armor
37:26 Banking
37:17 Scale Mail Armor
37:08 Two-Handed Swordsman
38:13 Champion
39:11 Chain Mail Armor
39:31 Forging
41:40 Plate Mail Armor
CNZS_HiFive
5:36 Loom
9:53 Feudal Age
10:58 Double-Bit Axe
13:19 Castle Age
11:59 Horse Collar
14:24 Bow Saw
19:07 Wheelbarrow
20:04 Fletching
20:06 Loom
30:53 Hand Cart
37:19 Gold Mining
37:20 Stone Mining
40:00 Town Watch
43:30 Imperial Age
41:36 Bodkin Arrow
41:42 Padded Archer Armor
Sasha_Kive
11:14 Feudal Age
14:50 Castle Age
12:53 Double-Bit Axe
13:09 Horse Collar
16:01 Bow Saw
18:22 Loom
19:52 Wheelbarrow
20:56 Fletching
21:16 Town Watch
22:15 Bodkin Arrow
23:01 Gold Mining
23:34 Scale Mail Armor
24:27 Hand Cart
25:08 Scale Mail Armor
25:34 Arson
26:08 Chain Mail Armor
25:54 Squires
25:40 Gambesons
31:46 Imperial Age
29:29 Forging
31:00 Heavy Plow
32:41 Ballistics
31:51 Elite Fire Lancer
33:02 Plate Mail Armor
32:39 Eupseong
34:39 Murder Holes
34:59 Masonry
36:48 Heavy Rocket Cart
38:13 Conscription
39:17 Two-Man Saw
39:24 Siege Engineers
EL TIGRE ABELARDO
10:42 Feudal Age
11:22 Double-Bit Axe
14:43 Castle Age
12:28 Horse Collar
14:41 Wheelbarrow
15:42 Bow Saw
15:34 Heavy Plow
22:24 Loom
23:22 Redemption
24:22 Gold Mining
24:22 Stone Mining
27:28 Hand Cart
26:58 Town Watch
29:51 Imperial Age
27:58 Forging
28:16 Scale Mail Armor
27:37 Pikeman
28:17 Squires
30:08 Iron Casting
29:48 Chain Mail Armor
29:55 Fletching
29:43 Eagle Warrior
32:09 Blast Furnace
31:32 Conscription
31:43 Garland Wars
32:28 Plate Mail Armor
31:56 Elite Eagle Warrior
33:51 Coinage
34:06 Town Patrol
34:17 Bodkin Arrow
36:21 Banking
35:56 Caravan
37:12 Man-at-Arms
37:37 Gambesons
Vicky R
10:25 Feudal Age
11:33 Double-Bit Axe
14:07 Castle Age
11:49 Horse Collar
12:45 Loom
13:04 Gold Mining
22:35 Bow Saw
24:05 Wheelbarrow
26:17 Heavy Plow
30:02 Gold Shaft Mining
32:32 Imperial Age
30:43 Scale Mail Armor
30:54 Forging
30:45 Stone Mining
32:47 Chain Mail Armor
33:08 Iron Casting
32:20 Arson
33:47 Crop Rotation
34:04 Plate Mail Armor
34:48 Chemistry
34:43 Gold Shaft Mining
34:45 Stone Shaft Mining
34:12 Elite Chakram Thrower
35:11 Town Watch
35:51 Ballistics
36:46 Conscription
36:53 Hand Cart
36:29 Fletching
37:01 Caravan
38:07 Kshatriyas
38:38 Siege Elephant
LM | MaggieWuerze
10:49 Feudal Age
14:56 Castle Age
12:49 Double-Bit Axe
14:19 Fletching
14:13 Horse Collar
15:56 Bow Saw
19:36 Bodkin Arrow
20:44 Padded Archer Armor
25:46 Husbandry
27:48 Loom
28:40 Ballistics
30:55 Imperial Age
29:05 Bloodlines
29:37 Ballistics
29:09 Gold Mining
30:50 Gold Shaft Mining
31:42 Wheelbarrow
32:07 Bracer
33:09 Conscription
33:56 Leather Archer Armor
34:46 Chemistry
33:45 Heavy Cavalry Archer
35:42 Leather Archer Armor
36:06 Silk Armor
36:52 Ring Archer Armor
36:28 Heavy Plow
36:56 Elite Genitour
41:57 Timurid Siegecraft
41:56 Siege Engineers
chrizbee
10:28 Feudal Age
14:01 Castle Age
12:02 Double-Bit Axe
11:59 Horse Collar
16:59 Wheelbarrow
17:32 Bow Saw
19:20 Gold Mining
21:38 Gold Shaft Mining
21:07 Heavy Plow
21:03 Loom
22:02 Stone Mining
27:19 Imperial Age
25:24 Hand Cart
25:38 Scale Mail Armor
26:42 Chain Mail Armor
26:22 Man-at-Arms
27:04 Squires
27:40 Forging
27:38 Long Swordsman
28:50 Plate Mail Armor
29:17 Iron Casting
29:30 Crop Rotation
30:01 Two-Man Saw
28:27 Capped Ram
28:31 Two-Handed Swordsman
29:50 Conscription
31:19 Blast Furnace
29:51 Siege Ram
30:08 Champion
32:29 Druzhina
32:47 Onager
36:15 Coinage
35:26 Siege Onager
36:38 Detinets
37:13 Siege Engineers
38:12 Chemistry
38:37 Ballistics
41:55 Town Watch
42:02 Fletching
42:12 Padded Archer Armor
Chili
13:00 Feudal Age
14:16 Double-Bit Axe
14:13 Horse Collar
14:27 Gold Mining
16:46 Castle Age
15:23 Scale Barding Armor
15:29 Bloodlines
16:34 Forging
19:04 Chain Barding Armor
22:29 Bow Saw
23:12 Wheelbarrow
27:20 Hand Cart
27:34 Heavy Plow
28:11 Light Cavalry
28:51 Husbandry
28:56 Loom
30:45 Stone Mining
31:31 Gold Shaft Mining
33:40 Imperial Age
33:28 Stone Shaft Mining
33:04 Padded Archer Armor
34:00 Leather Archer Armor
34:32 Fortified Wall
35:26 Chemistry
36:01 Ring Archer Armor
35:38 Thumb Ring
36:56 Fortified Wall
38:02 Conscription
38:50 Crop Rotation
38:34 Siege Engineers
Connection lost

Rejoining the realm…

Still unreachable

The connection could not be restored.

Session expired

The server has moved on; the page needs a fresh start.